 Dungeon Crawl Stone Soup version 0.19-a0-1007-g133f65f (webtiles) character file.

32 Implojin the Cudgeler (level 3, -5/31 HPs)
             Began as a Minotaur Fighter on July 20, 2016.
             Killed from afar by an orc wizard (8 damage)
             ... with a puff of flame
             ... on level 3 of the Dungeon.
             The game lasted 00:01:32 (208 turns).

Implojin the Cudgeler (Minotaur Fighter)             Turns: 208, Time: 00:01:32

Health: -5/31      AC:  5    Str: 20    XL:     3   Next: 10%
Magic:  2/2        EV:  8    Int:  5    God:
Gold:   0          SH:  9    Dex: 10    Spells: 0 memorised, 2 levels left

rFire  . . .     SeeInvis .     a - +0 flail
rCold  . . .     Gourm    .     e - +0 ring mail
rNeg   . . .     Faith    .     c - +0 shield
rPois  .         Spirit   .     (helmet restricted)
rElec  .         Dismiss  .     (no cloak)
rCorr  .         Reflect  .     (no gloves)
SustAt .         Harm     .     (no boots)
MR     .....                    (no amulet)
Stlth  ..........               (no ring)
                                (no ring)

@: not resistant to hostile enchantments, extremely unstealthy
A: retaliatory headbutt, horns 2
a: no special abilities


You were on level 3 of the Dungeon.
You were not hungry.

You visited 1 branch of the dungeon, and saw 4 of its levels.

Inventory:

Hand Weapons
 a - a +0 flail (weapon)
Armour
 b - a +0 scale mail
 c - a +0 shield (worn)
 e - a +0 ring mail (worn)
Scrolls
 h - 2 scrolls of remove curse {unknown}
 i - 2 scrolls of identify {unknown}
Potions
 d - a potion of might
Comestibles
 f - 2 bread rations
 g - 2 chunks of flesh


   Skills:
 - Level 3.6 Fighting
 * Level 4.3 Maces & Flails
 - Level 3.6 Armour
 - Level 3.6 Shields


You had 2 spell levels left.
You didn't know any spells.

Dungeon Overview and Level Annotations

Branches:
Dungeon (4/15)
 Temple: D:4-7

Altars:
Fedhas
Uskayaw


Innate Abilities, Weirdness & Mutations

You reflexively headbutt those who attack you in melee.
You have a pair of horns on your head.


Message History

The orc hits you but does no damage. The orc wizard casts a spell at you.
The puff of frost hits you!
* * * LOW HITPOINT WARNING * * *
The orc barely misses you. You furiously retaliate!
You headbutt the orc, but do no damage.
An orc comes into view. It is wielding a whip.
Unknown command.
You hit the orc but do no damage. Your headbutt misses the orc.
The orc is severely wounded.
The orc hits you with a dagger.
* * * LOW HITPOINT WARNING * * *
Unknown command.
Unknown command.
The orc wizard casts a cantrip, but nothing happens.
You block the orc's attack.
You climb upwards.
There is a stone staircase leading down here.
Unknown command.
Unknown command.
Unknown command.
You sock the orc wizard!
The orc wizard is severely wounded.
The orc wizard miscasts a cantrip.
You block the orc's attack. The orc wizard hits you with a dagger.
* * * LOW HITPOINT WARNING * * *
Unknown command.
You closely miss the orc wizard.
The orc wizard is severely wounded.
The orc hits you with a dagger.
* * * LOW HITPOINT WARNING * * *
The orc wizard hits you with a dagger.
* * * LOW HITPOINT WARNING * * *
Unknown command.
You hit the orc wizard but do no damage.
The orc wizard is severely wounded.
The orc hits you but does no damage.
The orc wizard points at you and mumbles some strange words.
The puff of flame hits you!
You die...

#........#.#
###
#........#.#
#........#.#
#####'##.#.#
#...)....#
#.#.#.#..#
#.#.#.#..# .
....#.o#
##.######@#
#. #o# # #.#
#.# #.# #.#
#.# #.#


You could see an orc wizard and an orc.

Vanquished Creatures
  An adder (D:3)
  A worm (D:3)
  A dart slug (D:1)
  A giant gecko (D:3)
  An orc (D:4)
  A giant cockroach (D:3)
  5 goblins
  2 hobgoblins (D:2)
  2 bats
  A rat (D:3)
16 creatures vanquished.

Notes
Turn   | Place    | Note
-------+----------+-------------------------------------------
     0 | D:1      | Implojin the Minotaur Fighter began the quest for the Orb.
     0 | D:1      | Reached XP level 1. HP: 19/19 MP: 0/0
    27 | D:2      | Reached skill level 3 in Maces & Flails
    31 | D:2      | Reached XP level 2. HP: 20/26 MP: 1/1
    37 | D:2      | Noticed a dagger
    37 | D:2      | Noticed a hand axe
    38 | D:2      | Found a hide-covered altar of Uskayaw.
    76 | D:2      | Found a blossoming altar of Fedhas.
   167 | D:3      | Reached skill level 4 in Maces & Flails
   168 | D:3      | Reached XP level 3. HP: 15/31 MP: 2/2
   208 | D:3      | Killed from afar by an orc wizard

Vault maps used:
D:1:      evilmike_arrival_run_for_it
D:2:      lemuel_doored_altar, dancing_weapons_uskayaw, uniq_robin
D:3:      okawaru_gym_becter, gammafunk_pakellas_its_alive, tgw_xom
D:4:      grunt_dithmenos_smoke_and_mirrors, minivault_19

Skill      XL: |  1  2 |
---------------+-------+-----
Maces & Flails | 3 4 |  4.3
Fighting       | |  3.6
Armour         | |  3.6
Shields        | |  3.6

Action                   || total
-------------------------++-------
Melee: Flail             ||    39
       Headbutt          ||     3
Armor: Scale mail        ||     9
       Ring mail         ||     7
Dodge: Dodged            ||    12
Block: Shield            ||    22

Table legend:
 A = Turns spent in this place as a percentage of turns spent in the entire game.
 B = Non-inter-level travel turns spent in this place as a percentage of non-inter-level travel turns spent in the entire game.
 C = Inter-level travel turns spent in this place as a percentage of turns spent in this place.
 D = Turns resting spent in this place as a percentage of non-inter-level travel turns spent in this place.
 E = Turns spent auto-exploring this place as a percentage of non-inter-level travel turns spent in this place.
 F = Non-inter-level travel turns spent in this place divided by the number of levels of this place that you've seen.
                   A       B       C       D       E      F
               +-------+-------+-------+-------+-------+----------------------
         Total | 100.0 | 100.0 |   0.0 |   0.0 |   0.0 |  53.5
       Dungeon | 100.0 | 100.0 |   0.0 |   0.0 |   0.0 |  53.5
               +-------+-------+-------+-------+-------+----------------------

Table legend:
 A = Kills in this place as a percentage of kills in entire the game.
 B = Kills by you in this place as a percentage of kills by you in the entire game.
 C = Kills by friends in this place as a percentage of kills by friends in the entire game.
 D = Other kills in this place as a percentage of other kills in the entire game.
 E = Experience gained in this place as a percentage of experience gained in the entire game.
 F = Experience gained in this place divided by the number of levels of this place that you have seen.
                   A       B       C       D       E      F
               +-------+-------+-------+-------+-------+----------------------
         Total | 100.0 | 100.0 |  -nan |  -nan | 100.0 |  11.8
       Dungeon | 100.0 | 100.0 |  -nan |  -nan | 100.0 |  11.8
               +-------+-------+-------+-------+-------+----------------------
